 Dungeon Crawl Stone Soup version 0.19.1 (webtiles) character file.

130 Firecrotchwizard the Twirler (level 4, -9/40 HPs)
             Began as a Minotaur Gladiator on Nov 26, 2016.
             Killed by divine providence
             ... invoked by an orc priest
              (17 damage)
             ... on level 3 of the Dungeon.
             The game lasted 00:08:09 (2333 turns).

Firecrotchwizard the Twirler (Minotaur Gladiator)   Turns: 2333, Time: 00:08:10

Health: -9/40      AC:  8    Str: 20    XL:     4   Next: 90%
Magic:  3/3        EV:  9    Int:  5    God:
Gold:   172        SH:  0    Dex: 11    Spells: 0 memorised, 3 levels left

rFire  . . .     SeeInvis .     a - +0 quarterstaff
rCold  . . .     Gourm    +     p - +0 chain mail
rNeg   . . .     Faith    .     (shield currently unavailable)
rPois  .         Spirit   .     c - +0 hat
rElec  .         Reflect  .     (no cloak)
rCorr  .         Harm     .     (no gloves)
MR     .....                    (no boots)
Stlth  ..........               e - amulet of the gourmand
                                (no ring)
                                (no ring)

@: no status effects
A: retaliatory headbutt, horns 2
a: no special abilities


You were on level 3 of the Dungeon.
You were hungry.

You visited 1 branch of the dungeon, and saw 4 of its levels.

You collected 172 gold pieces.

Inventory:

Hand Weapons
 a - a +0 quarterstaff (weapon)
Missiles
 d - 3 throwing nets (quivered)
 j - 5 tomahawks
Armour
 c - a +0 hat (worn)
 p - a +0 chain mail (worn)
Jewellery
 e - an amulet of the gourmand (around neck)
Scrolls
 i - a scroll of remove curse
 r - a scroll of teleportation {unknown}
 s - a scroll of enchant weapon {unknown}
 t - a scroll of identify {unknown}
 v - a scroll of fog {unknown}
Potions
 b - a potion of cure mutation {unknown}
 g - 4 potions of curing {unknown}
 m - a potion of heal wounds {unknown}
 n - 2 potions of lignification {unknown}
 q - a potion of haste {unknown}
 u - a potion of brilliance {unknown}
 w - a potion of flight {unknown}
Comestibles
 f - 5 bread rations
 h - 4 meat rations
 k - 7 fruits
 l - a slice of pizza
 x - a beef jerky


   Skills:
 + Level 4.2 Fighting
 * Level 4.8 Staves
 - Level 2.0 Throwing
 + Level 1.4 Armour
 + Level 4.0 Dodging


You had 3 spell levels left.
You didn't know any spells.

Dungeon Overview and Level Annotations

Branches:
Dungeon (4/15)
 Temple: D:4-7

Altars:
Trog


Innate Abilities, Weirdness & Mutations

You reflexively headbutt those who attack you in melee.
You have a pair of horns on your head.


Message History

Your chain mail prevents you from hitting the orc priest.
Your headbutt misses the orc priest. The orc barely misses you.
The orc priest calls down the wrath of Beogh upon you.
Beogh smites you!
* * * LOW HITPOINT WARNING * * *
Your chain mail prevents you from hitting the orc priest.
The orc hits you but does no damage.
The orc priest hits you but does no damage.
You closely miss the orc priest.
You are feeling hungry.
The orc closely misses you.
The orc priest hits you but does no damage.
You thump the orc priest!
The orc priest is heavily wounded.
The orc closely misses you. x2
The orc priest hits you with a hand axe.
* * * LOW HITPOINT WARNING * * *
The orc priest mumbles some strange prayers to Beogh against you.
Beogh smites you!
You die...

........##.........##..##.#
#.#
#.###.####8...8...8###.##.#
#.. . #o# ###8###8###
#.##.# ### ..#
###########.##.# #...
............# #..#
#####.######.#### ....
...oo #.# #.o######.#
#.o@......# ##.######## #.
#. #. #. #. #.


You could see 2 orc priests and 2 orcs.

Vanquished Creatures
  3 adders
  5 gnolls
  An ooze (D:4)
  A worm (D:2)
  A dart slug (D:2)
  3 leopard geckos
  An orc (D:4)
  5 bats
  A giant cockroach (D:2)
  9 goblins
  5 hobgoblins
  2 quokkas
  A frilled lizard (D:2)
  2 kobolds (D:1)
  5 rats
45 creatures vanquished.

Notes
Turn   | Place    | Note
-------+----------+-------------------------------------------
     0 | D:1      | Firecrotchwizard the Minotaur Gladiator began the quest for the Orb.
     0 | D:1      | Reached XP level 1. HP: 18/18 MP: 0/0
   186 | D:1      | Reached XP level 2. HP: 4/26 MP: 1/1
  1067 | D:2      | Reached XP level 3. HP: 33/33 MP: 2/2
  1263 | D:3      | Found a bloodstained altar of Trog.
  1617 | D:3      | Reached XP level 4. HP: 37/40 MP: 3/3
  1833 | D:2      | Reached skill level 1 in Armour
  2333 | D:3      | Killed from afar by an orc priest

Skill      XL: |  1  2  3  4 |
---------------+-------------+-----
Fighting       | 3 4 |  4.2
Staves         | 4 |  4.8
Armour         | 1 |  1.4
Dodging        | 4 |  4.0
Throwing       | |  2.0

Action                   |  1- 3 |  4- 6 || total
-------------------------+-------+-------++-------
Melee: Quarterstaff      |    69 |    58 ||   127
       Headbutt          |    11 |     7 ||    18
Throw: Throwing net      |     2 |       ||     2
  Use: Scroll            |     3 |       ||     3
  Eat: Chunk             |     1 |     1 ||     2
       Royal jelly       |     1 |       ||     1
Armor: Leather armour    |    10 |       ||    10
       Scale mail        |     5 |       ||     5
       Chain mail        |     3 |    32 ||    35
Dodge: Dodged            |    42 |    27 ||    69
